 Seeded DCSS version 0.29-a0-362-g5854e031c7 (webtiles) character file.

Game seed: 2536276603645612164 (custom seed)

25 lucidbluej the Skirmisher (level 2, -3/27 HPs)
             Began as a Minotaur Berserker on Apr 28, 2022.
             Was a Believer of Trog.
             Slain by a quokka (4 damage)
             ... on level 1 of the Dungeon on Apr 29, 2022.
             The game lasted 00:02:32 (286 turns).

lucidbluej the Skirmisher (Minotaur Berserker)       Turns: 286, Time: 00:02:33

Health: -3/27      AC:  2    Str: 21    XL:     2   Next: 86%
Magic:  1/1        EV: 12    Int:  4    God:    Trog [**....]
Gold:   22         SH:  0    Dex:  9    Spells: 1/1 levels left

rFire   . . .      SeeInvis .   a - +0 hand axe
rCold   . . .      Faith    .   (no shield)
rNeg    . . .      Spirit   .   b - +0 animal skin
rPois   .          Reflect  .   (helmet restricted)
rElec   .          Harm     .   (no cloak)
rCorr   .          Rampage  .   (no gloves)
Will    +....                   (no boots)
Stlth   +.........              (no amulet)
HPRegen 0.09/turn               l - ring of willpower
MPRegen 0.07/turn               (no ring)

@: no status effects
A: horns 2, retaliatory headbutt
a: Renounce Religion, Berserk, Trog's Hand


You were on level 1 of the Dungeon.
You worshipped Trog.
Trog was pleased with you.
You visited 1 branch of the dungeon, and saw 1 of its levels.

You collected 22 gold pieces.

Inventory:

Hand Weapons
 a - a +0 hand axe (weapon)
 d - a +0 club
 e - a +0 short sword
 i - a +0 club
 k - a +0 spear
 m - a +0 short sword
Missiles
 c - 3 poisoned darts (quivered)
Armour
 b - a +0 animal skin (worn)
 j - a +0 chain mail
Jewellery
 l - a ring of willpower (left hand)
Scrolls
 g - a scroll of identify {unknown}
 n - a scroll of fog {unknown}
Potions
 f - a potion of curing {unknown}
 h - 3 potions of attraction {unknown}


   Skills:
 + Level 4.2 Fighting
 + Level 4.1 Axes
 + Level 2.7 Armour
 + Level 2.5 Dodging


You had one spell level left.
You didn't know any spells.
Your spell library contained the following spells:

 Spells                   Type           Power      Damage    Failure   Level
 Confusing Touch          Hex            0%         N/A       86%         3
 Yara's Violent Unravell  Hex/Tmut       0%         3d3       100%        5
 Enfeeble                 Hex            0%         N/A       100%        7


Dungeon Overview and Level Annotations

Branches:
Dungeon (1/15)

Altars:


Innate Abilities, Weirdness & Mutations

You have a pair of horns on your head.
You reflexively headbutt those who attack you in melee.


Message History

You kill the bat!
Trog accepts your kill.
Your Axes skill increases to level 4!
A kobold comes into view. It is wielding a +0 short sword.
The kobold shouts!
You closely miss the kobold.
The kobold hits you with a +0 short sword.
* * * LOW HITPOINT WARNING * * *
You miss the kobold. You headbutt the kobold.
You kill the kobold!
Trog accepts your kill.
Things that are here:
a +0 short sword; a kobold corpse
m - a +0 short sword
Found a scroll labelled LIOX UDENURIYSM. 2 quokkas come into view.
The quokka moves out of view.
The quokka twitches its whiskers.
You hit the quokka.
You kill the quokka!
Trog accepts your kill.
You can now call upon Trog for regeneration and willpower.
The quokka closely misses you. The quokka bites you.
* * * LOW HITPOINT WARNING * * *
You see here a scroll labelled LIOX UDENURIYSM.
n - a scroll labelled LIOX UDENURIYSM The quokka bites you.
* * * LOW HITPOINT WARNING * * *
You barely miss the quokka. The quokka bites you.
* * * LOW HITPOINT WARNING * * *
You barely miss the quokka. You headbutt the quokka.
The quokka is lightly wounded.
The quokka bites you.
* * * LOW HITPOINT WARNING * * *
You miss the quokka.
The quokka is lightly wounded.
The quokka bites you.
* * * LOW HITPOINT WARNING * * *
The quokka bites you.
You die...

#.#.# #.#
#...# #.# ###
# #.# #####
##.#
....##..####
#..#.#...#
#........#
####........#
.......@....#
####....r...#
####.#...#
#.....#
#.....#
......#
...#### ...#


You could see a quokka.

Vanquished Creatures
  2 endoplasms (D:1)
  2 goblins (D:1)
  2 hobgoblins (D:1)
  4 jackals (D:1)
  2 kobolds (D:1)
  2 quokkas (D:1)
  A ball python (D:1)
  3 bats (D:1)
  A frilled lizard (D:1)
  3 rats (D:1)
22 creatures vanquished.

Notes
Turn   | Place    | Note
-------+----------+-------------------------------------------
     0 | D:1      | lucidbluej the Minotaur Berserker began the quest for the
                  | Orb.
     0 | D:1      | Reached XP level 1. HP: 19/19 MP: 0/0
    54 | D:1      | Reached XP level 2. HP: 11/27 MP: 1/1
   190 | D:1      | Upgraded the game from 0.29-a0-360-g8ed1089bbe to
                  | 0.29-a0-362-g5854e031c7
   280 | D:1      | Reached ** piety under Trog
   286 | D:1      | HP: 1/27 [quokka (1)]
   286 | D:1      | Slain by a quokka

Illustrated notes

Levels and vault maps discovered:
D:1:      nicolae_arrival_washed_ashore, layout_rooms

Skill      XL: |  1  2 |
---------------+-------+-----
Fighting       | 4 |  4.2
Axes           | 4 |  4.1
Armour         | |  2.7
Dodging        | |  2.5

Action                   || total
-------------------------++-------
Melee: Hand axe          ||    41
       Headbutt          ||     5
Armor: Animal skin       ||    13
Dodge: Dodged            ||    46

Table legend: (Time is in decaauts)
 A = Elapsed time spent in this place.
 B = Non-inter-level travel time spent in this place.
 C = Inter-level travel time spent in this place.
 D = Time resting spent in this place.
 E = Time spent auto-exploring this place.
 F = Levels seen in this place.
 G = Mean time per level.
                   A        B        C        D        E       F      G
               +--------+--------+--------+--------+--------+-----+--------+
         Total |    289 |    270 |     19 |      0 |      0 |   1 |  289.0 |
       Dungeon |    289 |    270 |     19 |      0 |      0 |   1 |  289.0 |
               +--------+--------+--------+--------+--------+-----+--------+

Top non-repeatable levels by time:
     D:1: 289 daAuts
